 Dungeon Crawl Stone Soup version 0.23-b1-59-g586d0d887c (webtiles) character file.

Game seed: 5566359554165534889

33 Gargoyl the Skirmisher (level 3, 0/31 HPs)
             Began as a Centaur Abyssal Knight on Feb 5, 2019.
             Was a Follower of Lugonu.
             Slain by Natasha (5 damage)
             ... on level 2 of the Dungeon.
             The game lasted 00:01:56 (1588 turns).

Gargoyl the Skirmisher (Centaur Abyssal Knight)     Turns: 1588, Time: 00:01:56

Health: 0/31       AC:  8    Str: 14    XL:     3   Next: 12%
Magic:  4/4        EV: -2    Int: 11    God:    Lugonu [*.....]
Gold:   104        SH: 10    Dex:  9    Spells: 2/2 levels left

rFire    . . .     SeeInvis .   a - +1 hand axe
rCold    . . .     Gourm    .   f - +0 large shield
rNeg     . . .     Faith    .   i - +0 plate armour
rPois    .         Spirit   .   (no helmet)
rElec    .         Reflect  .   (no cloak)
rCorr    .         Harm     .   (no gloves)
MR       .....                  (no barding)
Stlth    ..........             (no amulet)
HPRegen  0.10/turn              (no ring)
MPRegen  0.09/turn              (no ring)

@: very quick
A: large, hooves 3, deformed body, speed 2, tough skin 3
a: Depart the Abyss, Renounce Religion


You were on level 2 of the Dungeon.
You worshipped Lugonu.
Lugonu was aware of your devotion.
You were not hungry.

You visited 1 branch of the dungeon, and saw 2 of its levels.
You visited the Abyss 1 time.

You collected 104 gold pieces.

Inventory:

Hand Weapons
 a - a +1 hand axe (weapon)
Armour
 f - a +0 large shield (worn)
 i - a +0 plate armour (worn)
Jewellery
 j - an uncursed ring of protection from fire {unknown}
Scrolls
 e - a scroll of identify
Potions
 d - a potion of curing {unknown}
 g - a potion of cancellation {unknown}
 h - a potion of invisibility {unknown}
 k - a potion of mutation {unknown}
Comestibles
 b - 3 chunks of flesh
 c - 2 rations


   Skills:
 + Level 3.2 Fighting
 + Level 2.0 Axes
 * Level 1.8 Armour
 * Level 1.1 Dodging
 + Level 0.1 Shields
 * Level 2.3 Invocations


You had 2 spell levels left.
You didn't know any spells.
Your spell library was empty.

Dungeon Overview and Level Annotations

Branches:
Dungeon (2/15)

Altars:

Annotations:
D:2 Natasha


Innate Abilities, Weirdness & Mutations

You have hooves in place of feet.
Armour fits poorly on your strangely shaped body.
You cover ground very quickly.
You have extremely tough skin. (AC +3)


Message History

The white imp gestures at you. The puff of frost hits you.
Natasha claws you but does no damage.
The white imp hits you but does no damage.
Unknown command.
You hit Natasha. Your kick misses Natasha.
Natasha is moderately wounded.
You hit the white imp. You block Natasha's attack.
The white imp puffs mist at you. The white imp gestures at you.
You block the puff of frost. Natasha casts a spell at you.
The magic dart hits you.
You miss Natasha. Your kick misses Natasha.
Natasha is moderately wounded.
Your shield and plate armour prevent you from hitting the white imp.
The white imp gestures at you. The puff of frost hits you.
* * * LOW HITPOINT WARNING * * *
Natasha claws you.
You die...

.## *,,,,,,**,,,,,,,,,,* ******
..# *,,,****#.........,* *,>,,,
#.#****,,** #....!$...,* *,,,,,
#.##,,,,>* #.........,* *,,,,,
#..#,,**** ###.........,***,,,,,
##.##,,,***##..<........,,,*,,,,,
(#..###,,..#...........#**,,,,*,*
.##...####.......5.....# *,,***,*
..###....#####..@h.....#**,***,,*
⌠)..####...............#*,,* *,**
..###....#####......$..#*,,* *,*
)##...####...>...#######,,,***,**
.#.[###.....##..##******,*,,,,,,,
.#.##....#...#....#*,,,,,***,,,,,
...#..#...#########,,*,,,* *,,,,,
..##.....##*,,,,,*****,,,* *,,,,,
).#.....##,,,,,,,,,**,,,,* *,,,,,


You could see Natasha and a white imp.

Vanquished Creatures
  2 worms (D:2)
  2 leopard geckos
  5 bats
  A giant cockroach (D:1)
  3 goblins
  4 hobgoblins
  3 frilled lizards (D:1)
  2 kobolds (D:1)
  3 rats
25 creatures vanquished.

Notes
Turn   | Place    | Note
-------+----------+-------------------------------------------
     0 | Abyss:1  | Gargoyl the Centaur Abyssal Knight began the quest for the
                  | Orb.
     0 | Abyss:1  | Reached XP level 1. HP: 19/19 MP: 2/2
   118 | Abyss:2  | Noticed a small abomination
   129 | Abyss:2  | Noticed a ynoxinul
   132 | D:1      | Escaped the Abyss
   195 | D:1      | Reached * piety under Lugonu
   290 | D:1      | Reached skill level 1 in Dodging
   507 | D:1      | Reached XP level 2. HP: 25/26 MP: 3/3
  1431 | D:2      | Reached XP level 3. HP: 21/31 MP: 4/4
  1579 | D:2      | Noticed Natasha
  1588 | D:2      | Slain by Natasha

Skill      XL: |  1  2 |
---------------+-------+-----
Dodging        | 1 |  1.1
Axes           | 2 |  2.0
Fighting       | |  3.2
Armour         | |  1.8
Shields        | |  0.1
Invocations    | |  2.3

Action                   || total
-------------------------++-------
Melee: Hand axe          ||    88
       Kick              ||    14
Invok: Depart the Abyss  ||     1
  Use: Scroll            ||     3
  Eat: Chunk             ||     1
Armor: Leather armour    ||    26
       Plate armour      ||     9
Dodge: Dodged            ||     8
Block: Large shield      ||    45
